 Dungeon Crawl Stone Soup version 0.21-a0-33-g8b44e26 (webtiles) character file.

218871 grindst0ne the Severer (level 19, -4/157 HPs)
             Began as a Formicid Fighter on May 27, 2017.
             Was the Champion of Okawaru.
             Drowned by a water nymph (9 damage)
             ... on level 4 of the Shoals.
             The game lasted 02:42:57 (35324 turns).

grindst0ne the Severer (Formicid Fighter)          Turns: 35324, Time: 02:42:57

Health: -4/157     AC: 35    Str: 26    XL:     19   Next: 87%
Magic:  5/7        EV: 24    Int:  9    God:    Okawaru [******]
Gold:   206        SH: 34    Dex: 16    Spells: 18/18 levels left

rFire    + + +     SeeInvis +   M - +8 Wrath of Trog {antimagic, *Rage}
rCold    + . .     Gourm    .   J - +10 large shield of Okawaru's Indignation {MR+ Str+4}
rNeg     . . .     Faith    .   w - +8 plate armour {ponderous}
rPois    +         Spirit   .   (helmet unavailable)
rElec    +         Reflect  .   c - +2 cloak
rCorr    +         Harm     .   D - +0 pair of gloves "Buseh" {-Tele rF+++ rCorr Stlth+}
MR       +++..                  R - +0 pair of boots
Stlth    ..........             U - amulet of regeneration
Regen    0.8/turn               L - ring of protection from magic
MPRegen  0.1/turn               n - +5 ring of evasion

@: resistant, heroism, engulfed (cannot breathe), very slow
A: permanent stasis, dig shafts and tunnels, four strong arms, antennae 3, dopey
1, low mp 1, shaggy fur 1, strong 1
}: 1/15 runes: gossamer
a: Dig, Shaft Self, Heroism, Finesse, Renounce Religion


You were on level 4 of the Shoals.
You worshipped Okawaru.
Okawaru was exalted by your worship.
You were not hungry.

You visited 6 branches of the dungeon, and saw 32 of its levels.
You also visited: Sewer and Bailey.

You collected 2409 gold pieces.
You spent 2203 gold pieces at shops.

Inventory:

Hand Weapons
 y - a +3 vampiric executioner's axe
 M - the +8 Wrath of Trog (weapon) {antimagic, *Rage}
   (You bought it in a shop on level 13 of the Dungeon)

   It reduces the magical energy of the wielder, and disrupts the spells and
   magical abilities of those hit.
   Natural abilities and divine invocations are not affected.
   It may make you go berserk in combat.
 W - a +2 demon trident of flaming
Missiles
 E - 19 throwing nets (quivered)
Armour
 c - a +2 cloak (worn)
 v - a +0 plate armour of fire resistance
 w - a +8 plate armour of ponderousness (worn)
 D - the +0 pair of gloves "Buseh" (worn) {-Tele rF+++ rCorr Stlth+}
   (You bought it in a shop on level 2 of the Orcish Mines)

   It renders you almost immune to fire.
   It prevents most forms of teleportation.
   It protects you from acid and corrosion.
   It makes you more stealthy.
 J - the +10 large shield of Okawaru's Indignation (worn) {MR+ Str+4}
   (Okawaru gifted it to you on level 5 of the Lair of Beasts)

   It affects your strength (+4).
   It affects your resistance to hostile enchantments.
 R - a +0 pair of boots (worn)
 S - +0 fire dragon scales
Jewellery
 m - an uncursed ring of positive energy
 n - a +5 ring of evasion (right hand)
 L - a ring of protection from magic (left hand)
 U - an amulet of regeneration (around neck)
Wands
 i - a wand of acid (9/15)
 p - a wand of confusion (20/48)
 t - a wand of iceblast (0/15)
 z - a wand of polymorph (16/24)
 C - a wand of flame (17/48)
 K - a wand of polymorph (13/24)
 N - a wand of confusion (40/48)
 V - a wand of iceblast (0/15)
 Z - a wand of disintegration (11/24)
Scrolls
 b - 2 scrolls of recharging
 d - 7 scrolls of magic mapping
 l - 6 scrolls of enchant armour
 o - 2 scrolls of identify
 u - 5 scrolls of fog
 B - 11 scrolls of remove curse
 I - 2 scrolls of enchant weapon
Potions
 a - 2 potions of heal wounds
 e - 9 potions of agility
 h - 4 potions of flight
 k - 13 potions of curing
 s - a potion of magic
 x - a potion of resistance
 F - a potion of mutation
 H - 9 potions of ambrosia
 O - a potion of cancellation
 Q - 4 potions of might
 T - 3 potions of invisibility
 Y - 2 potions of lignification
Miscellaneous
 A - a crystal ball of energy
 G - a lightning rod (4/4)
 P - a sack of spiders
 X - a fan of gales
Comestibles
 f - 3 bread rations
 g - 3 chunks of flesh
 j - 22 fruits
 q - 25 royal jellies
 r - 8 meat rations


   Skills:
 + Level 15.8(20.8) Fighting
 - Level 18.0(23.0) Axes
 - Level 14.0(19.0) Armour
 - Level 13.1(18.1) Dodging
 - Level 15.0(20.0) Shields
 - Level 8.7 Invocations
 - Level 7.0 Evocations


You had 18 spell levels left.
You didn't know any spells.

Dungeon Overview and Level Annotations

Branches:
Dungeon (15/15)            Temple (1/1) D:6            Lair (6/6) D:11
 Shoals (4/4) Lair:4       Spider (4/4) Lair:4        Slime (0/5) Lair:5
    Orc (2/2) D:11            Elf (0/3) Orc:2        Vaults (0/5) D:14
 Depths (0/5) D:15

Altars:
Ashenzari
Cheibriados
Dithmenos
Elyvilon
Fedhas
Gozag
Hepliaklqana
Kikubaaqudgha
Makhleb
Nemelex Xobeh
Okawaru
Qazlal
Ru
Sif Muna
Trog
Uskayaw
Vehumet
Wu Jian
Xom
Yredelemnul
Zin
The Shining One
Jiyva

Shops:
D:4 *   D:5 ?!%:   D:7 %   D:13 (   Orc:1 %   Orc:2 !*:[*   Shoals:2 :!

Portals:
Pandemonium: Orc:2

Annotations:
Lair:5 exclusion: downstairs
Shoals:2 exclusion: Roxanne, Roxanne
Shoals:4 Ilsuiw


Innate Abilities, Weirdness & Mutations

You cannot be hasted, slowed, berserked, paralysed or teleported.
You can dig through walls and to a lower floor.
Your four strong arms can wield two-handed weapons with a shield.
You have a pair of large antennae on your head. (SInv)
You are dopey. (Int -2)
Your magical capacity is low. (-10% MP)
You are covered in fur. (AC +1)
Your muscles are strong. (Str +2)


Message History

Your lungs strain for air!
The merfolk hits you but does no damage.
Ilsuiw hits you but does no damage. The water elemental hits you.
The merfolk siren chants a haunting song.
You resist with almost no effort. The water elemental closely misses you.
The water elemental hits you.
* * * LOW HITPOINT WARNING * * *
The water nymph touches you. The water nymph drowns you!
* * * LOW HITPOINT WARNING * * *
The water elemental hits you.
You rip the net and break free!
* * * LOW HITPOINT WARNING * * *
Your lungs strain for air!
The merfolk misses you. You block the merfolk's attack.
The merfolk completely misses you. The water elemental barely misses you.
The merfolk siren chants a haunting song.
You resist with almost no effort. You block Ilsuiw's attack.
You block the water elemental's attack. x2; The water nymph touches you.
The water nymph drowns you!
You die...

≈≈≈≈ ≈≈≈≈≈≈≈≈≈≈≈≈≈≈≈
≈≈≈≈≈≈≈≈≈≈≈≈≈≈≈≈≈≈≈≈≈≈≈≈
≈≈≈≈≈≈≈≈≈≈≈≈≈≈≈≈≈≈≈≈≈≈≈≈
≈≈≈≈≈≈≈≈≈≈≈≈≈≈≈≈≈≈≈≈≈≈≈≈
≈≈≈≈≈≈≈≈≈≈≈≈≈≈≈≈≈≈≈≈≈≈≈≈
≈≈≈≈≈≈≈≈≈≈≈≈≈≈≈≈≈≈≈≈≈≈≈≈
≈≈≈≈≈≈≈≈≈≈≈≈≈≈≈≈≈≈≈≈≈≈≈≈
≈≈≈≈≈≈≈≈≈≈≈≈.≈≈≈≈≈m≈≈≈≈≈
≈≈≈≈≈≈≈≈≈..##.≈m@Em≈≈≈≈≈
.≈≈≈≈≈≈....###.EEEm≈≈m≈≈
≈≈≈≈≈≈≈.....)#.†≈mm≈≈≈≈≈
≈≈≈≈≈≈≈.......≈)≈≈≈≈≈≈≈≈
#≈≈≈≈≈≈....≈)≈≈≈≈≈≈≈≈≈≈≈
##≈≈≈≈...≈≈≈≈≈≈≈≈≈≈≈≈≈≈≈≈
≈##≈≈....≈≈≈≈≈≈≈≈≈≈≈≈≈≈≈≈≈
≈≈#≈≈....)≈≈≈≈≈≈≈≈≈≈≈≈≈≈≈≈≈
≈≈#≈.........≈≈≈≈≈≈≈≈≈≈≈≈≈≈.


You could see Ilsuiw (invisible), 4 merfolk, 4 water elementals, a merfolk siren
and a water nymph.

Vanquished Creatures
  A fire giant (D:15)
  The ghost of kuniqs the Fighter, an adept VSFi of Uskayaw (Spider:4)
  The ghost of Apogee the Executioner, a journeyman MiBe of Trog (Lair:6)
  6 emperor scorpions
  6 ghost moths
  A stone giant (Shoals:3)
  2 entropy weavers
  Azrael (Spider:2)
  3 merfolk javelineers
  A fire dragon (Lair:6)
  8 merfolk impalers
  The ghost of grindst0ne the Fighter, a journeyman FoFi of Cheibriados (Bailey)
  12 hydras
  A merfolk avatar (Shoals:2)
  6 merfolk aquamancers
  A satyr (Shoals:3)
  4 centaur warriors
  An alligator snapping turtle (Shoals:2)
  A catoblepas (D:15)
  9 two-headed ogres
  2 ogre magi (D:15)
  7 death yaks
  2 tengu warriors (D:14)
  A deep elf knight (D:8)
  Sonja (D:12)
  7 orc high priests (Orc:2)
  15 sea snakes
  2 torturous demonspawn (Orc:2)
  The ghost of Protee the Grappler, a novice DrTm of Nemelex Xobeh (D:8)
  A gelid demonspawn (Orc:2)
  2 unseen horrors
  A lindwurm (Lair:6)
  Pikel (D:8)
  8 harpies
  A wizard (D:14)
  7 orc knights
  2 deep elf magi
  4 orc sorcerers (Orc:2)
  14 orb spiders
  14 cyclopes
  25 wolf spiders
  7 manticores
  13 ugly things
  4 moths of wrath
  3 fauns
  7 merfolk sirens
  4 centaur zombies
  Joseph (D:8)
  Maurice (D:8)
  3 molten gargoyles (Lair:6)
  Psyche (D:8)
  12 black mambas
  A torpor snail (Lair:6)
  A gargoyle (D:12)
  The ghost of TotoDurand the Shield-Bearer, a novice FoFi of Wu Jian (D:5)
  5 water nymphs
  An efreet (D:10)
  7 spiny frogs
  A rime drake (Lair:2)
  19 komodo dragons
  A freezing wraith (D:15)
  14 demonic crawlers
  A queen bee (Lair:1)
  A red devil (Orc:2)
  59 jumping spiders
  8 trolls
  2 wind drakes (Shoals:2)
  A harpy skeleton (D:13)
  43 merfolk
  13 dream sheep
  9 slime creatures
  10 hornets
  6 blink frogs
  9 snapping turtles
  13 hippogriffs
  A shadow (D:14)
  6 wyverns
  A wraith (D:15)
  19 water elementals
  87 redbacks
  62 yaks
  27 tarantellas
  3 fire elementals (Spider:2)
  A vampire (D:14)
  6 basilisks
  A neqoxec (Orc:2)
  2 hungry ghosts
  3 vampire mosquitoes (D:14)
  Edmund (D:6)
  An acid dragon (D:14)
  A soldier ant (D:12)
  7 hell hounds
  15 water moccasins
  A sky beast (D:15)
  Duvessa (D:6)
  13 porcupines
  A slave (D:8)
  32 orc warriors
  2 eyes of draining
  2 necrophages
  2 phantoms (D:6)
  4 ice beasts
  11 ogres
  A boggart (D:8)
  19 centaurs
  10 crocodiles
  6 big kobolds
  17 bullfrogs
  7 earth elementals (D:15)
  A gnoll sergeant (D:8)
  Dowan (D:6)
  A water moccasin zombie (D:8)
  A wyvern zombie (D:14)
  A water moccasin skeleton (D:8)
  7 scorpions
  25 killer bees (Lair:1)
  12 wights
  7 howler monkeys
  4 electric eels
  5 lava snakes (Lair:6)
  2 crimson imps
  A bullfrog zombie (D:13)
  2 quasits
  A gnoll shaman (D:8)
  7 hounds
  4 jellies
  4 bullfrog skeletons
  21 orc wizards
  5 centaur skeletons
  24 orc priests
  4 iguanas
  11 worker ants
  5 hell rats (Lair:6)
  A hound zombie (D:6)
  4 hound skeletons
  2 worker ant zombies
  A howler monkey skeleton (D:10)
  10 gnolls
  19 adders
  4 river rats (Sewer)
  2 shadow imps
  2 oozes
  An adder zombie (D:6)
  An adder skeleton (D:4)
  4 worms
  3 dart slugs
  6 leopard geckos
  101 orcs
  4 giant cockroaches
  11 goblins
  10 hobgoblins
  7 jackals
  29 kobolds
  5 quokkas
  4 ball pythons
  7 bats
  5 frilled lizards
  A jackal skeleton (D:5)
  A quokka skeleton (D:6)
  30 rats
  8 fungi
  12 plants
1291 creatures vanquished.

Vanquished Creatures (others)
  A merfolk aquamancer (Shoals:3)
  An adder (D:10)
  8 fungi
  16 plants
26 creatures vanquished.

Grand Total: 1317 creatures vanquished

Notes
Turn   | Place    | Note
-------+----------+-------------------------------------------
     0 | D:1      | grindst0ne the Formicid Fighter began the quest for the Orb.
     0 | D:1      | Reached XP level 1. HP: 18/18 MP: 1/1
   266 | D:1      | Reached XP level 2. HP: 25/25 MP: 2/2
   529 | D:2      | Reached XP level 3. HP: 31/31 MP: 3/3
   899 | D:2      | Reached skill level 5 in Fighting
   908 | D:2      | Reached XP level 4. HP: 26/39 MP: 4/4
  1196 | D:2      | Found a shattered altar of Ashenzari.
  1273 | D:3      | Gained mutation: Your system is resistant to poisons. (rPois) [potion of mutation]
  1273 | D:3      | Gained mutation: You are dopey. (Int -2) [potion of mutation]
  1273 | D:3      | Gained mutation: You are somewhat resistant to further mutation. [potion of mutation]
  1275 | D:3      | Found a glowing drain.
  1412 | Sewer    | Entered a sewer
  1606 | Sewer    | Reached XP level 5. HP: 43/44 MP: 5/5
  1611 | Sewer    | Reached skill level 5 in Shields
  2226 | Sewer    | Noticed a big kobold
  2226 | Sewer    | Noticed a big kobold
  2242 | Sewer    | Killed a big kobold
  2242 | Sewer    | Reached XP level 6. HP: 46/51 MP: 6/6
  2692 | Sewer    | Reached XP level 7. HP: 48/56 MP: 7/7
  4010 | D:4      | Found Muqat's Assorted Antiques.
  4655 | D:5      | Entered Level 5 of the Dungeon
  4688 | D:5      | Found Jekoed's Book Shop.
  4816 | D:5      | Found Zofaibat's Distillery.
  4826 | D:5      | Bought a potion of heal wounds for 65 gold pieces
  4826 | D:5      | Bought a potion of curing for 39 gold pieces
  4826 | D:5      | Bought a potion of heal wounds for 65 gold pieces
  4872 | D:5      | Got a scorched hand axe
  4873 | D:5      | Identified the +11 hand axe of the Shark {chop, rF+ SInv} (You found it on level 5 of the Dungeon)
  5046 | D:5      | Found Millik's Magic Scroll Boutique.
  5051 | D:5      | Noticed TotoDurand's ghost (novice FoFi)
  5053 | D:5      | Bought a scroll of enchant armour for 97 gold pieces
  5081 | D:5      | Killed TotoDurand's ghost
  5081 | D:5      | Reached skill level 10 in Shields
  5081 | D:5      | Reached XP level 8. HP: 22/62 MP: 8/8
  5310 | D:5      | Found a snail-covered altar of Cheibriados.
  5312 | D:5      | Found a stormy altar of Qazlal.
  5314 | D:5      | Found a white marble altar of Elyvilon.
  5315 | D:5      | Found a hazy altar of Hepliaklqana.
  5432 | D:5      | Found Nuuptunk's Food Shop.
  5830 | D:6      | Reached skill level 5 in Armour
  5841 | D:6      | Noticed Edmund
  5858 | D:6      | Killed Edmund
  5943 | D:6      | Reached XP level 9. HP: 33/68 MP: 9/9
  6137 | D:6      | Found a staircase to the Ecumenical Temple.
  6145 | Temple   | Entered the Ecumenical Temple
  6221 | Temple   | Became a worshipper of Warmaster Okawaru
  6261 | D:6      | Noticed Duvessa
  6271 | D:6      | Killed Duvessa
  6272 | D:6      | Noticed Dowan
  6273 | D:6      | Killed Dowan
  6313 | D:6      | Reached skill level 1 in Invocations
  6665 | D:6      | Reached skill level 1 in Evocations
  7161 | D:7      | Found Angeonuu's Food Shoppe.
  7248 | D:7      | Reached * piety under Okawaru
  7424 | D:7      | Reached skill level 5 in Evocations
  7694 | D:7      | Reached skill level 1 in Dodging
  7724 | D:8      | Noticed Joseph
  7758 | D:8      | Killed Joseph
  7758 | D:8      | Reached XP level 10. HP: 45/74 MP: 13/13
  8018 | D:8      | Reached ** piety under Okawaru
  8025 | D:8      | Found a radiant altar of Vehumet.
  8025 | D:8      | Noticed Maurice
  8046 | D:8      | Noticed Protee's ghost (novice DrTm)
  8060 | D:8      | Reached skill level 5 in Dodging
  8079 | D:8      | Killed Protee's ghost
  8347 | D:8      | Noticed Psyche
  8347 | D:8      | Noticed a two-headed ogre
  8373 | D:8      | Killed Psyche
  8373 | D:8      | Reached *** piety under Okawaru
  8384 | D:8      | Killed a two-headed ogre
  8619 | D:8      | Reached XP level 11. HP: 68/79 MP: 14/14
  8689 | D:8      | Noticed a deep elf knight
  8709 | D:8      | Killed a deep elf knight
  8709 | D:8      | Reached **** piety under Okawaru
  8709 | D:8      | Reached skill level 4 in Axes
  8736 | D:8      | Found a glowing golden altar of the Shining One.
  8756 | D:8      | Found a hazy altar of Hepliaklqana.
  8758 | D:8      | Found an ancient bone altar of Kikubaaqudgha.
  8781 | D:8      | Noticed Pikel
  8810 | D:8      | Killed Pikel
  8810 | D:8      | Reached skill level 5 in Axes
  8918 | D:8      | Noticed a green death
  8929 | D:8      | Reached skill level 6 in Axes
  8942 | D:8      | Found a burning altar of Makhleb.
  8944 | D:8      | Found a glowing silver altar of Zin.
  8945 | D:8      | Noticed an angel
  9119 | D:8      | Killed Maurice
  9537 | D:9      | Reached skill level 7 in Axes
  9906 | D:9      | Noticed a two-headed ogre
  9916 | D:9      | Killed a two-headed ogre
 10105 | D:10     | Entered Level 10 of the Dungeon
 10190 | D:10     | Reached ***** piety under Okawaru
 10190 | D:10     | Reached skill level 8 in Axes
 10197 | D:10     | Found a flagged portal.
 10197 | D:10     | Noticed a two-headed ogre
 10212 | D:10     | Killed a two-headed ogre
 10279 | Bailey   | Entered a bailey
 10288 | Bailey   | Noticed grindst0ne's ghost (journeyman FoFi)
 10314 | Bailey   | Killed grindst0ne's ghost
 10314 | Bailey   | Reached skill level 9 in Axes
 10512 | Bailey   | Noticed an orc knight
 10513 | Bailey   | Noticed an orc knight
 10524 | Bailey   | Noticed an orc knight
 10560 | Bailey   | Killed an orc knight
 10560 | Bailey   | Reached XP level 12. HP: 82/86 MP: 15/15
 10563 | Bailey   | Received a gift from Okawaru
 10563 | Bailey   | Reached skill level 10 in Axes
 11096 | D:10     | Reached skill level 11 in Axes
 12442 | D:11     | Received a gift from Okawaru
 12739 | D:11     | Found a staircase to the Lair.
 12739 | D:11     | Found a staircase to the Orcish Mines.
 13268 | D:12     | Noticed Sonja
 13282 | D:12     | Killed Sonja
 13384 | D:12     | Reached XP level 13. HP: 92/101 MP: 18/18
 13627 | Lair:1   | Entered Level 1 of the Lair of Beasts
 13738 | Lair:1   | Reached ****** piety under Okawaru
 13879 | Lair:1   | Received a gift from Okawaru
 13991 | Lair:1   | Reached skill level 10 in Fighting
 14047 | Lair:1   | Noticed an eight-headed hydra
 14695 | Lair:1   | Noticed an eight-headed hydra
 14700 | Lair:1   | Killed an eight-headed hydra
 14940 | Lair:1   | Killed a two-headed hydra
 15210 | Lair:2   | Lost mutation: You are somewhat resistant to further mutation. [potion of mutation]
 15210 | Lair:2   | Lost mutation: Your system is resistant to poisons. (rPois) [potion of mutation]
 15210 | Lair:2   | Gained mutation: Your magical capacity is low. (-10% MP) [potion of mutation]
 15210 | Lair:2   | Gained mutation: You have large cloven feet. [potion of mutation]
 15211 | Lair:2   | Lost mutation: You are dopey. (Int -2) [potion of mutation]
 15211 | Lair:2   | Lost mutation: Your magical capacity is low. (-10% MP) [potion of mutation]
 15211 | Lair:2   | Lost mutation: You have large cloven feet. [potion of mutation]
 15211 | Lair:2   | Gained mutation: Your spells are a little easier to cast, but a little less powerful. [potion of mutation]
 15211 | Lair:2   | Gained mutation: You are robust. (+10% HP) [potion of mutation]
 15211 | Lair:2   | Gained mutation: Your body sometimes deteriorates upon taking damage. [potion of mutation]
 15211 | Lair:2   | Gained mutation: Your natural rate of healing is unusually fast. [potion of mutation]
 16215 | Lair:3   | Reached skill level 10 in Armour
 16346 | Lair:3   | Received a gift from Okawaru
 16537 | Lair:3   | Found a snail-covered altar of Cheibriados.
 16788 | Lair:3   | Received a gift from Okawaru
 16919 | Lair:3   | Reached XP level 14. HP: 126/126 MP: 19/19
 17291 | Lair:4   | Found a staircase to the Shoals.
 17499 | Lair:4   | Found a hole to the Spider Nest.
 18549 | Lair:5   | Found a staircase to the Slime Pits.
 18550 | Lair:5   | Found a viscous altar of Jiyva.
 19076 | Lair:6   | Entered Level 6 of the Lair of Beasts
 19079 | Lair:6   | Noticed Apogee's ghost (journeyman MiBe)
 19628 | Lair:5   | Received a gift from Okawaru
 19631 | Lair:5   | Got an encrusted large shield {god gift}
 19761 | Lair:5   | Identified the +10 large shield of Okawaru's Indignation {MR+ Str+4} (Okawaru gifted it to you on level 5 of the Lair of Beasts)
 20144 | Lair:6   | Reached skill level 15 in Shields
 20454 | Lair:6   | Killed Apogee's ghost
 20544 | Lair:6   | Reached XP level 15. HP: 101/132 MP: 20/20
 20620 | Lair:6   | Reached skill level 10 in Dodging
 20634 | Lair:6   | Lost mutation: Your body sometimes deteriorates upon taking damage. [potion of mutation]
 20634 | Lair:6   | Lost mutation: Your spells are a little easier to cast, but a little less powerful. [potion of mutation]
 20634 | Lair:6   | Lost mutation: Your natural rate of healing is unusually fast. [potion of mutation]
 20634 | Lair:6   | Lost mutation: You are robust. (+10% HP) [potion of mutation]
 20634 | Lair:6   | Gained mutation: Your muscles are strong. (Str +2) [potion of mutation]
 20634 | Lair:6   | Gained mutation: Your magical capacity is low. (-10% MP) [potion of mutation]
 20634 | Lair:6   | Gained mutation: You are dopey. (Int -2) [potion of mutation]
 20634 | Lair:6   | Gained mutation: You are covered in fur. (AC +1) [potion of mutation]
 21025 | Lair:6   | Found a large runed door.
 21025 | Lair:6   | Found a large runed door.
 21308 | Lair:6   | Reached skill level 5 in Invocations
 21945 | D:13     | Received a gift from Okawaru
 22307 | D:13     | Identified Sif Muna's Incunabulum of the Vitriolic Blaze
 22312 | D:13     | Found Ahogomypn's Weapon Shoppe.
 22333 | D:13     | Bought the +8 Wrath of Trog {antimagic, *Rage} for 1040 gold pieces
 22356 | D:13     | Found a blossoming altar of Fedhas.
 22676 | D:14     | Found a gate to the Vaults.
 22955 | D:14     | Reached skill level 12 in Axes
 23240 | D:15     | Entered Level 15 of the Dungeon
 23279 | D:15     | Found a staircase to the Depths.
 23279 | D:15     | Noticed a fire giant
 23302 | D:15     | Killed a fire giant
 23302 | D:15     | Reached XP level 16. HP: 108/127 MP: 6/20
 23349 | D:15     | Reached skill level 13 in Axes
 23430 | D:15     | Received a gift from Okawaru
 23764 | D:15     | Reached skill level 14 in Axes
 23812 | D:15     | Received a gift from Okawaru
 24099 | Orc:1    | Entered Level 1 of the Orcish Mines
 24141 | Orc:1    | Found Plog's Food Shoppe.
 24221 | Orc:2    | Entered Level 2 of the Orcish Mines
 24398 | Orc:2    | Found a staircase to the Elven Halls.
 24404 | Orc:2    | Found Fiutaegh's Distillery.
 24407 | Orc:2    | Found Putsozepn's General Store.
 24464 | Orc:2    | Bought a scroll of enchant armour for 120 gold pieces
 24560 | Orc:2    | Reached skill level 15 in Axes
 24851 | Orc:2    | Lost mutation: You are dopey. (Int -2) [a neqoxec]
 25452 | Orc:2    | Found Roannys's Antique Armour Boutique.
 25452 | Orc:2    | Found a one-way gate leading to the halls of Pandemonium.
 25452 | Orc:2    | Found Ohyneut's Book Shop.
 25452 | Orc:2    | Gained mutation: You are dopey. (Int -2) [a neqoxec]
 25462 | Orc:2    | Received a gift from Okawaru
 25489 | Orc:2    | Bought a pair of heavily runed gloves for 285 gold pieces
 25499 | Orc:2    | Identified the +0 pair of gloves "Buseh" {-Tele rF+++ rCorr Stlth+} (You bought it in a shop on level 2 of the Orcish Mines)
 25566 | Orc:2    | Found Odi Mesch's Assorted Antiques.
 25575 | Orc:2    | Bought a scroll labeled FIS ESELUONN for 24 gold pieces
 26423 | Spider:1 | Entered Level 1 of the Spider Nest
 26607 | Spider:1 | Reached skill level 16 in Axes
 26607 | Spider:1 | Reached XP level 17. HP: 111/133 MP: 2/21
 27040 | Spider:1 | Got a smoking lajatang
 27045 | Spider:1 | Identified the +7 lajatang "Ulegahur" {slice, *Noise +Blink rF+ Stlth+} (You found it on level 1 of the Spider Nest)
 27175 | Spider:1 | Identified a scroll of acquirement
 27870 | Spider:1 | Received a gift from Okawaru
 28480 | Spider:2 | Noticed Azrael
 28530 | Spider:2 | Killed Azrael
 29877 | Spider:3 | Received a gift from Okawaru
 29897 | Spider:3 | Reached XP level 18. HP: 118/140 MP: 7/22
 30214 | Spider:4 | Entered Level 4 of the Spider Nest
 30380 | Spider:4 | Noticed kuniqs's ghost (adept VSFi)
 30402 | Spider:4 | Killed kuniqs's ghost
 30830 | Spider:4 | Reached skill level 17 in Axes
 31052 | Spider:4 | Received a gift from Okawaru
 31055 | Spider:4 | Got a jewelled scale mail {god gift}
 31068 | Spider:4 | Identified the +1 scale mail "Laho" {rF+ Int+4} (Okawaru gifted it to you on level 4 of the Spider Nest)
 31174 | Spider:4 | Got a gossamer rune of Zot
 31635 | Shoals:1 | Entered Level 1 of the Shoals
 31648 | Shoals:1 | Reached skill level 18 in Axes
 32563 | Shoals:2 | Reached XP level 19. HP: 146/146 MP: 7/22
 32605 | Shoals:2 | Found Oseddyrr's Distillery.
 32786 | Shoals:2 | Bought a potion of heal wounds for 90 gold pieces
 32786 | Shoals:2 | Bought 2 potions of heal wounds for 180 gold pieces
 32788 | Shoals:2 | Bought a potion of mutation for 144 gold pieces
 32788 | Shoals:2 | Bought a potion of lignification for 54 gold pieces
 32819 | Shoals:2 | Noticed Roxanne
 32824 | Shoals:2 | Got a scorched plate armour
 32865 | Shoals:2 | Identified the cursed +1 plate armour of the Meadowlark {rPois rC+ Stlth+} (You found it on level 2 of the Shoals)
 32938 | Shoals:2 | Found Qyogoen's Book Boutique.
 33816 | Shoals:3 | Received a gift from Okawaru
 34522 | Shoals:4 | Entered Level 4 of the Shoals
 34675 | Shoals:4 | Reached skill level 15 in Fighting
 34918 | Shoals:4 | Received a gift from Okawaru
 35313 | Shoals:4 | Noticed Ilsuiw
 35324 | Shoals:4 | HP: 4/157 [drowned by a water elemental (7)]
 35324 | Shoals:4 | Drowned by a water nymph

Vault maps used:
D:1:      zaba_arrival_water
D:2:      lemuel_doored_altar, kennysheep_generic_room_6
D:3:      portal_sewer_entry_d, serial_aquarium, aquarium_bridge_long_separate,
          aquarium_window_2, aquarium_window_2, aquarium_window_fake,
          aquarium_window_corner, aquarium_view_2d, first_bread
D:4:      gammafunk_wand_slinger, serial_shops, kennysheep_mini_moat,
          hangedman_decor_push
D:5:      minitemple, serial_shops, nicolae_shop_window_shopping,
          nicolae_shop_stone, shop, nicolae_shop_trees
D:6:      minmay_temple_entry_glassed_door, uniq_edmund, uniq_duvessa
D:7:      serial_shops, shop
D:8:      grunt_temple_overflow_order_and_chaos_2, old_standard_altar,
          basic_altar, blue_anna_alchemist, minivault_25, jmf_multi_god_temple,
          uniq_maurice, uniq_pikel, uniq_joseph, uniq_psyche
D:9:      st_stairs_5, kennysheep_dice
D:10:     enter_bailey_7, eino_curves_03, lemuel_flamethrower_2
D:11:     lair_entry_dummy, david_orc_3, kennysheep_small_circle
D:12:     uniq_sonja
D:13:     serial_shops, nicolae_shop_crystal, basic_altar
D:14:     david_vaults_1
D:15:     grunt_enter_depths_giant_problem, serial_bayou_shore_b,
          wad_floor_pattern_2, hangedman_cracks_in_the_wall
Temple:   nicolae_temple_great_sept
Lair:3:   basic_altar
Lair:4:   minmay_shoals_entry_centaurs, spider_nest_entry_web_field,
          serial_bayou_lagoon_b
Lair:5:   minmay_guarded_unrand_snakebite, slime_altar_1
Lair:6:   cheibrodos_lair_end_hotspot
Shoals:1: nicolae_shoals_stone_sculpture_thing
Shoals:2: serial_shops, nicolae_shop_crystal, nicolae_shop_waterfront,
          nicolae_shoals_hunting_party, uniq_roxanne
Shoals:3: st_shoals_ruin
Shoals:4: shoals_end_hangedman, shoals_ilsuiw_ice
Spider:2: uniq_azrael
Spider:4: grunt_spider_rune_parallel, guppyfry_spider_mini_3
Orc:1:    serial_shops, nicolae_shop_statue_plus, uniq_harold
Orc:2:    pf_orc_diabolical, serial_shops, shop_statue
Sewer:    sewer_minmay_treatment
Bailey:   bailey_polearm_1, bailey

Skill      XL: |  1  2  3  4  5  6  7  8  9 10 11 12 13 14 15 16 17 18 19 |
---------------+----------------------------------------------------------+-----
Fighting       | 4 5 9 12 15 | 15.8
Shields        | 4 6 7 10 15 | 15.0
Armour         | 7 8 11 14 | 14.0
Invocations    | 3 8 |  8.7
Evocations     | 5 6 7 |  7.0
Dodging        | 3 8 9 10 12 13 | 13.1
Axes           | 9 11 12 16 18 | 18.0

Action                   |  1- 3 |  4- 6 |  7- 9 | 10-12 | 13-15 | 16-18 | 19-21 || total
-------------------------+-------+-------+-------+-------+-------+-------+-------++-------
Melee: War axe           |   104 |   202 |   109 |       |       |       |       ||   415
       Hand axe          |       |       |   167 |   750 |  1174 |       |       ||  2091
       Scimitar          |       |       |       |       |   100 |       |       ||   100
       Battleaxe         |       |       |       |       |   168 |  1644 |   574 ||  2386
       Great sword       |       |       |       |       |       |     3 |       ||     3
Invok: Heroism           |       |       |       |       |     1 |       |     1 ||     2
 Abil: Dig               |       |     9 |    13 |    50 |    52 |    50 |    17 ||   191
Evoke: Wand              |       |       |       |    20 |    16 |       |    15 ||    51
  Use: Scroll            |       |     7 |    10 |    11 |     6 |     6 |    11 ||    51
       Potion            |       |     1 |     1 |     3 |     5 |       |     5 ||    15
 Stab: Invisible         |       |       |       |     5 |       |       |       ||     5
       Distracted        |       |       |       |     1 |       |       |       ||     1
       Petrified         |       |       |       |       |       |     6 |       ||     6
       Petrifying        |       |       |       |       |       |     1 |       ||     1
  Eat: Chunk             |       |     8 |     8 |    22 |    30 |    31 |    12 ||   111
       Bread ration      |       |       |     1 |     1 |     2 |     1 |       ||     5
       Meat ration       |       |       |     1 |       |       |       |       ||     1
       Fruit             |       |       |       |       |     4 |     7 |       ||    11
       Royal jelly       |       |       |       |       |     1 |       |       ||     1
Armor: Scale mail        |    36 |    79 |    25 |       |       |       |       ||   140
       Plate armour      |       |       |    63 |   188 |   459 |   342 |   108 ||  1160
       Skin              |       |       |       |     9 |    25 |       |       ||    34
Dodge: Dodged            |    30 |    69 |    48 |   170 |   367 |   423 |   141 ||  1248
Block: Shield            |    62 |   120 |   138 |   297 |   387 |       |       ||  1004
       Large shield      |       |       |       |       |   777 |  2230 |   737 ||  3744
       Rpst.: Scimitar   |       |       |       |       |     7 |       |       ||     7
